 Dungeon Crawl Stone Soup version 0.18.1-8-gdd0e5ea (webtiles) character file.

385 Gnarff the Shield-Bearer (level 6, -6/39 HPs)
             Began as a Gargoyle Fighter on June 4, 2016.
             Mangled by Menkaure (14 damage)
             ... on level 4 of the Dungeon.
             The game lasted 00:49:44 (3712 turns).

Gnarff the Shield-Bearer (Gargoyle Fighter)         Turns: 3712, Time: 00:49:49

Health: -6/39      AC: 18    Str: 20    XL:     6   Next: 77%
Magic:  6/6        EV:  6    Int: 12    God:
Gold:   221        SH: 10    Dex: 10    Spells: 0 memorised, 5 levels left

rFire  . . .     SeeInvis .     a - +0 long sword
rCold  . . .     Gourm    .     b - +0 chain mail
rNeg   + . .     Faith    .     c - +0 shield
rPois  ∞         Spirit   .     l - +2 helmet {Int+3}
rElec  +         Dismiss  .     (no cloak)
rCorr  .         Reflect  .     n - +0 pair of gloves
SustAt .         Harm     .     (no boots)
MR     .....                    (no amulet)
Stlth  ..........               (no ring)
                                (no ring)

@: not resistant to hostile enchantments, extremely unstealthy
A: negative energy resistance 1, electricity resistance, unbreathing,
petrification resistance, rot immunity, AC +4
a: no special abilities


You were on level 4 of the Dungeon.
You were not hungry.

You visited 1 branch of the dungeon, and saw 4 of its levels.

You collected 221 gold pieces.

Inventory:

Hand Weapons
 a - a +0 long sword (weapon)
Missiles
 k - 5 tomahawks (quivered)
Armour
 b - a +0 chain mail (worn)
 c - a +0 shield (worn)
 l - a +2 helmet of intelligence (worn)
 n - a +0 pair of gloves (worn)
Scrolls
 g - 2 scrolls of identify
 h - 2 scrolls of recharging
 j - 3 scrolls of magic mapping
 m - a scroll of blinking
 p - a scroll of amnesia
 s - a scroll of teleportation {unknown}
Potions
 d - a potion of brilliance {unknown}
 e - a potion of haste {unknown}
 i - a potion of curing
 o - a potion of lignification {unknown}
 q - 2 potions of mutation {unknown}
Comestibles
 f - 2 bread rations


   Skills:
 + Level 4.3 Fighting
 + Level 2.9 Long Blades
 + Level 0.3 Throwing
 + Level 4.3 Armour
 + Level 1.7 Dodging
 + Level 1.2 Stealth
 + Level 5.4 Shields


You had 5 spell levels left.
You didn't know any spells.

Dungeon Overview and Level Annotations

Branches:
Dungeon (4/15)
 Temple: D:4-7

Altars:
Sif Muna
Vehumet
Xom

Shops:
D:4 [}

Annotations:
D:4 Menkaure


Innate Abilities, Weirdness & Mutations

You are resistant to torment.
Your stone body is resilient (AC +4).
You are immune to poison.
You resist negative energy.
You are resistant to electric shocks.
You can survive without breathing.
You are immune to petrification.
You are immune to rotting.


Message History

You block Menkaure's attack.
You hit Menkaure but do no damage.
Menkaure is lightly damaged.
Menkaure mumbles some strange words.
Menkaure seems to speed up.
You closely miss Menkaure.
Menkaure is lightly damaged.
You block Menkaure's attack. Menkaure barely misses you.
You hit Menkaure.
Menkaure is moderately damaged.
Menkaure gestures at you while chanting.
You barely resist. You barely miss Menkaure.
Menkaure is moderately damaged.
Menkaure giggles, "These cerements are ticklish..."
Menkaure hits you!
* * * LOW HITPOINT WARNING * * *
The orc drinks a potion.
The orc suddenly seems more resistant.
Menkaure hits you!
You die...

.. .. .o..........#
.. ............# ..
............# ..
............# ..
....!.......# ..
............# ..
............# ..
.......M@...# ..
............# ..
............# ..
............# ..
............#
....................#
....................#
....................#
....................#


You could see Menkaure and an orc.

Vanquished Creatures
  An ogre (D:4)
  A giant frog skeleton (D:4)
  A centaur skeleton (D:4)
  An orc priest (D:4)
  An orc wizard (D:4)
  Ijyb (D:2)
  6 adders
  An ooze (D:3)
  3 worms (D:2)
  4 dart slugs
  8 orcs
  6 giant cockroaches
  8 goblins
  11 hobgoblins
  A quokka (D:3)
  2 ball pythons (D:2)
  10 bats
  A giant gecko skeleton (D:4)
  6 giant newts
  6 kobolds
  9 rats
88 creatures vanquished.

Notes
Turn   | Place    | Note
--------------------------------------------------------------
     0 | D:1      | Gnarff the Gargoyle Fighter began the quest for the Orb.
     0 | D:1      | Reached XP level 1. HP: 14/14 MP: 1/1
   123 | D:1      | Reached XP level 2. HP: 19/19 MP: 2/2
   666 | D:1      | Reached XP level 3. HP: 22/23 MP: 3/3
  1169 | D:2      | Noticed Ijyb
  1181 | D:2      | Killed Ijyb
  1181 | D:2      | Reached skill level 4 in Shields
  1278 | D:2      | Reached XP level 4. HP: 28/28 MP: 4/4
  1636 | D:2      | Reached skill level 1 in Dodging
  2037 | D:3      | Reached XP level 5. HP: 28/33 MP: 5/5
  2196 | D:3      | Found a deep blue altar of Sif Muna.
  2534 | D:3      | Found a shimmering altar of Xom.
  2534 | D:3      | Found a shimmering altar of Xom.
  2534 | D:3      | Found a shimmering altar of Xom.
  2535 | D:3      | Found a shimmering altar of Xom.
  2727 | D:3      | Found a radiant altar of Vehumet.
  2817 | D:4      | Found Ymyod's Antique Armour Emporium.
  2868 | D:4      | Found Bic Ceac's Gadget Shoppe.
  2900 | D:4      | Reached skill level 5 in Shields
  3327 | D:4      | Reached skill level 1 in Stealth
  3327 | D:4      | Reached XP level 6. HP: 38/38 MP: 6/6
  3696 | D:4      | Noticed Menkaure
  3712 | D:4      | Mangled by Menkaure

Skill      XL: |  1  2  3  4  5 |
---------------+----------------+-----
Long Blades    | 2 |  2.9
Shields        | 4 5 |  5.4
Dodging        | 1 |  1.7
Armour         | 4 |  4.3
Fighting       | 4 |  4.3
Stealth        | 1 |  1.2
Throwing       | |  0.3

Action                   |  1- 3 |  4- 6 || total
-------------------------+-------+-------++-------
Melee: Long sword        |   121 |   272 ||   393
Throw: Tomahawk          |       |    10 ||    10
  Use: Scroll            |     8 |     3 ||    11
       Potion            |     1 |       ||     1
  Eat: Chunk             |     1 |     3 ||     4
       Meat ration       |       |     1 ||     1
       Bread ration      |       |     1 ||     1
Armor: Scale mail        |    64 |    93 ||   157
       Chain mail        |       |    54 ||    54
Dodge: Dodged            |    31 |    70 ||   101
Block: Shield            |    56 |   142 ||   198
